 Dungeon Crawl Stone Soup version 0.20-a0-656-g9b0dcd9 (webtiles) character file.

1458 rageheart7 the Slicer (level 9, -4/48 HPs)
             Began as a Kobold Assassin on Feb 16, 2017.
             Was an Initiate of Dithmenos.
             Slain by an orc warrior
             ... wielding a +0 flail
              (19 damage)
             ... on level 6 of the Dungeon.
             The game lasted 00:16:51 (6187 turns).

rageheart7 the Slicer (Kobold Assassin)             Turns: 6187, Time: 00:16:51

Health: -4/48      AC: 11    Str: 10    XL:     9   Next: 5%
Magic:  9/9        EV: 19    Int: 12    God:    Dithmenos [......]
Gold:   319        SH:  0    Dex: 19    Spells: 8/8 levels left

rFire    . . .     SeeInvis .   l - +3 dagger (holy)
rCold    . . .     Gourm    .   k - +3 leather armour {rPois}
rNeg     . . .     Faith    .   (shield restricted)
rPois    +         Spirit   .   (no helmet)
rElec    .         Reflect  .   d - +0 cloak
rCorr    .         Harm     .   r - +0 pair of gloves
MR       .....     Rnd*Rage +   C - +2 pair of boots
Stlth    ++++......             (no amulet)
Regen    0.2/turn               s - +3 ring of dexterity
MPRegen  0.2/turn               v - ring of flight

@: no status effects
A: berserk 1, carnivore 3, clumsy 1
a: Renounce Religion, Evoke Flight


You were on level 6 of the Dungeon.
You worshipped Dithmenos.
Dithmenos was noncommittal.
You were completely stuffed.

You visited 1 branch of the dungeon, and saw 6 of its levels.

You collected 319 gold pieces.

Inventory:

Hand Weapons
 b - a +0 blowgun
 l - a +3 dagger of holy wrath (weapon)
 A - a +1 dagger of speed
Missiles
 e - 43 poisoned needles
 f - 2 curare-tipped needles
Armour
 d - a +0 cloak (worn)
 k - a +3 leather armour of poison resistance (worn)
 r - a +0 pair of gloves (worn)
 C - a +2 pair of boots (worn)
Jewellery
 s - a +3 ring of dexterity (right hand)
 v - a ring of flight (left hand)
Wands
 h - a wand of iceblast (4/15)
 p - a wand of acid (14/15)
 u - a wand of acid (5/15)
 w - a wand of paralysis (11/24)
Scrolls
 m - 3 scrolls of amnesia
 t - a scroll of remove curse
 y - 2 scrolls of enchant weapon
 z - 2 scrolls of immolation {unknown}
 B - a scroll of recharging
 D - a scroll of identify
Potions
 a - 2 potions of curing
 i - 2 potions of heal wounds
 j - 3 potions of agility
 n - a potion of haste {unknown}
 o - a potion of lignification {unknown}
 x - a potion of resistance {unknown}
Comestibles
 c - a chunk of flesh
 g - 3 meat rations
 q - a royal jelly


   Skills:
 - Level 2.1 Fighting
 - Level 10.9 Short Blades
 - Level 2.1 Throwing
 * Level 6.2 Dodging
 + Level 7.9 Stealth


You had 8 spell levels left.
You didn't know any spells.

Dungeon Overview and Level Annotations

Branches:
Dungeon (6/15)
 Temple: D:4-7

Altars:
Cheibriados
Dithmenos
Fedhas
Kikubaaqudgha
Nemelex Xobeh
The Shining One

Shops:
D:6 (

Annotations:
D:3 Zazen's ghost, amateur DsWr


Innate Abilities, Weirdness & Mutations

You are small and have problems with some larger weapons.
You are carnivorous and can eat meat at any time.
You tend to lose your temper in combat.
You are clumsy. (Dex -2)


Message History

The orc warrior is lightly wounded.
You hit the orc.
The orc is moderately wounded.
The orc warrior hits you with a flail!
* * * LOW HITPOINT WARNING * * *
The orc hits you but does no damage. The orc wizard hits you with a dagger.
* * * LOW HITPOINT WARNING * * *
The orc wizard hits you but does no damage.
The orc wizard casts a spell.
The orc wizard seems to speed up.
Found a jewelled brass wand.
You see here 12 gold pieces.
Found a scroll of random uselessness.
Found a stone staircase leading up.
Found a stone staircase leading up.
The orc wizard gestures at you while chanting.
The puff of frost misses you.
Found 18 gold pieces.
There is a stone staircase leading up here.
The orc warrior hits you with a flail!!
You die...

........+.. .
...........#.. .#.
.....#+#+#..#.. ..$.
............... #. <
.....#.#.......
####.#.#..#..#.#.......
...............<......
.####..#...#....#.......
.....?.@.....##.#.......
#.#.....oo..#.##
#.##+###
.#.#.#.../.....####.# ##
..................... .
#...###...########.# .#
#.....#.o.# . ... ..
#.....#...#.## ..
#.....#.#....... ..
#....o$......### ..


You could see an orc warrior, an orc wizard and an orc.

Vanquished Creatures
  Pikel (D:4)
  A sky beast (D:5)
  4 slaves (D:4)
  An ogre (D:4)
  An ice beast (D:6)
  A bullfrog (D:6)
  A water moccasin skeleton (D:4)
  A bullfrog skeleton (D:4)
  5 hounds
  2 orc wizards
  An orc priest (D:5)
  Ijyb (D:3)
  2 iguanas
  A worker ant zombie (D:6)
  7 gnolls (D:4)
  6 adders
  2 oozes
  3 worms
  6 dart slugs
  5 leopard geckos
  13 orcs
  8 bats
  3 giant cockroaches
  5 goblins
  8 hobgoblins
  9 jackals
  A quokka (D:3)
  6 frilled lizards
  A jackal skeleton (D:6)
  5 kobolds
  8 rats
119 creatures vanquished.

Notes
Turn   | Place    | Note
-------+----------+-------------------------------------------
     0 | D:1      | rageheart7 the Kobold Assassin began the quest for the Orb.
     0 | D:1      | Reached XP level 1. HP: 12/12 MP: 1/1
   159 | D:1      | Reached XP level 2. HP: 13/17 MP: 2/2
   425 | D:1      | Reached XP level 3. HP: 20/21 MP: 3/3
   862 | D:2      | Reached XP level 4. HP: 26/26 MP: 4/4
   938 | D:2      | Found a faded altar of an unknown god.
  1685 | D:2      | Reached skill level 3 in Short Blades
  2193 | D:2      | Found an ancient bone altar of Kikubaaqudgha.
  2684 | D:3      | Reached XP level 5. HP: 26/30 MP: 5/5
  2795 | D:3      | Noticed Zazen's ghost (amateur DsWr)
  3297 | D:3      | Reached skill level 4 in Short Blades
  3317 | D:3      | Found a sparkling altar of Nemelex Xobeh.
  3383 | D:3      | Noticed Ijyb
  3410 | D:3      | Killed Ijyb
  3447 | D:3      | Reached skill level 5 in Short Blades
  3447 | D:3      | Reached XP level 6. HP: 35/35 MP: 6/6
  3638 | D:4      | Reached skill level 6 in Short Blades
  3697 | D:4      | Found a glowing golden altar of the Shining One.
  3924 | D:4      | Noticed a slave
  3924 | D:4      | Noticed a slave
  4107 | D:4      | Reached XP level 7. HP: 27/40 MP: 7/7
  4239 | D:4      | Reached skill level 7 in Short Blades
  4506 | D:4      | Found a glowing golden altar of the Shining One.
  4541 | D:4      | Reached skill level 8 in Short Blades
  4621 | D:5      | Entered Level 5 of the Dungeon
  4677 | D:5      | Gained mutation: You are clumsy. (Dex -2) [mutagenic meat]
  4678 | D:5      | Gained mutation: You tend to lose your temper in combat. [mutagenic meat]
  4702 | D:5      | Found a shadowy altar of Dithmenos.
  4726 | D:5      | Became a worshipper of Dithmenos the Shadowed
  4895 | D:5      | Found a blossoming altar of Fedhas.
  4910 | D:5      | Reached XP level 8. HP: 32/44 MP: 8/8
  4922 | D:5      | Reached skill level 9 in Short Blades
  5261 | D:5      | Found a sparkling altar of Nemelex Xobeh.
  5520 | D:5      | Found a snail-covered altar of Cheibriados.
  5593 | D:4      | Noticed Pikel
  5632 | D:4      | Killed Pikel
  5632 | D:4      | Reached skill level 10 in Short Blades
  5632 | D:4      | Reached skill level 5 in Dodging
  5935 | D:6      | Found Vahof's Weapon Shop.
  6087 | D:6      | Reached XP level 9. HP: 32/48 MP: 9/9
  6187 | D:6      | Slain by an orc warrior

Vault maps used:
D:1:      dpeg_arrival_subterranean_lakeside_camping
D:2:      lemuel_doored_altar, chequers_ecumenical_altar_simple_redux
D:3:      nemelex_lonely_heart_becter, uniq_iyjb
D:4:      kennysheep_mini, tso_altar, uniq_pikel
D:5:      kennysheep_little_box, nemelex_xobeh_ov_fountains_minmay,
          slow_altar_1, fedhas_altar_fruit_tree, first_bread
D:6:      makhleb_altar_promises_db, lemuel_round_altar, serial_shops,
          shop_fountains, uniq_menkaure, uniq_prince_ribbit1

Skill      XL: |  1  2  3  4  5  6  7  8 |
---------------+-------------------------+-----
Stealth        | 6 7 |  7.9
Short Blades   | 3 5 6 8 10 | 10.9
Dodging        | 2 3 4 6 |  6.2
Fighting       | |  2.1
Throwing       | |  2.1

Action                   |  1- 3 |  4- 6 |  7- 9 || total
-------------------------+-------+-------+-------++-------
Melee: Dagger            |    68 |   282 |   228 ||   578
 Fire: Blowgun           |       |    16 |     3 ||    19
  Use: Scroll            |     3 |     8 |     5 ||    16
       Potion            |       |     3 |     3 ||     6
 Stab: Sleeping          |    14 |    17 |     6 ||    37
       Invisible         |       |     3 |       ||     3
       Distracted        |       |     1 |     1 ||     2
  Eat: Chunk             |     7 |    11 |     9 ||    27
Armor: Robe              |     5 |    24 |       ||    29
       Leather armour    |       |    19 |    37 ||    56
Dodge: Dodged            |    24 |   165 |   111 ||   300
